 Dungeon Crawl Stone Soup version 0.32-a0-913-g739538afd8 (webtiles) character file.

Game seed: 11461038833718452978

69506 Pooter the Severer (level 14, -8/133 HPs)
             Began as a Minotaur Berserker on Apr 8, 2024.
             Was a Priest of Trog.
             Mangled by an orc knight
             ... wielding a +1 broad axe
              (21 damage)
             ... on level 2 of the Orcish Mines on Apr 9, 2024.
             The game lasted 02:00:32 (27995 turns).

Pooter the Severer (Minotaur Berserker)            Turns: 27995, Time: 02:00:32

Health: -8/133     AC: 12    Str: 31    XL:     14   Next: 90%
Magic:  13/13      EV: 10    Int:  4    God:    Trog [***...]
Gold:   2303       SH:  5    Dex: 18    Spells: 13/13 levels left

rFire   + . .        a - +4 battleaxe (elec)
rCold   . . .        (shield currently unavailable)
rNeg    . . .        T - +4 chain mail {rF+}
rPois   .            m - +2 hat
rElec   .            s - +2 cloak
rCorr   .            Y - +0 pair of gloves
SInv    .            C - +0 pair of boots
Will    +....        n - amulet of reflection Stlth
                     y - +6 ring of strength
HPRegen 0.42/turn    Q - +6 ring of dexterity
MPRegen 0.13/turn

%: reflection
@: mighty, corroded, on berserk cooldown, slowed, very slow
A: horns 2, retaliatory headbutt
a: Renounce Religion, Berserk, Trog's Hand


You were on level 2 of the Orcish Mines.
You worshipped Trog.
Trog was most pleased with you.
You visited 3 branches of the dungeon, and saw 18 of its levels.
You also visited: Bailey and Volcano.

You collected 2959 gold pieces.
You spent 656 gold pieces at shops.

Inventory:

Hand Weapons
 a - a +4 battleaxe of electrocution (weapon)
   (You took it off a wight on level 6 of the Dungeon)
 b - a +2 arbalest of draining
   (You took it off a kobold blastminer on level 1 of the Orcish Mines)
 w - a +0 arbalest of flaming
   (You found it in a volcano)
 I - a +3 war axe of flaming
   (You took it off a human on level 3 of the Lair of Beasts)
 Z - a +2 great mace of flaming
   (You found it in a volcano)
Missiles
 k - 4 curare-tipped darts
 o - 63 poisoned darts (quivered)
 D - 10 boomerangs
 O - 6 javelins
 S - 4 throwing nets {!f}
Armour
 m - a +2 hat (worn)
   (You found it on level 3 of the Dungeon)
 s - a +2 cloak (worn)
   (You took it off Maurice on level 8 of the Dungeon)
 C - a +0 pair of boots (worn)
   (You found it on level 7 of the Dungeon)
 K - the +0 chain mail of Time Monsters {Str+3}
   (You found it in a bailey)

   Str+3:     It affects your strength (+3).
 N - a +2 ring mail of poison resistance
   (You found it in a bailey)
 R - a scarf of harm
   (You found it on level 9 of the Dungeon)
 T - a +4 chain mail of fire resistance (worn)
   (You took it off Harold on level 10 of the Dungeon)
 Y - a +0 pair of gloves (worn)
   (You found it on level 2 of the Lair of Beasts)
Jewellery
 l - a +6 ring of intelligence
   (You found it on level 1 of the Dungeon)
 n - an amulet of reflection (around neck)
   (You found it on level 4 of the Lair of Beasts)
 y - a +6 ring of strength (left hand)
   (You found it on level 6 of the Dungeon)
 F - a ring of protection from fire
   (You found it on level 10 of the Dungeon)
 G - an amulet of guardian spirit
   (You took it off an orc wizard on level 7 of the Dungeon)
 Q - a +6 ring of dexterity (right hand)
   (You found it on level 3 of the Lair of Beasts)
 U - a ring of protection from fire
   (You found it on level 4 of the Lair of Beasts)
Wands
 f - a wand of flame (20)
   (You found it on level 8 of the Dungeon)
 i - a wand of warping (10)
   (You found it on level 2 of the Lair of Beasts)
 r - a wand of charming (9)
   (You found it on level 9 of the Dungeon)
 x - a wand of mindburst (16)
   (You found it on level 5 of the Dungeon)
 H - a wand of quicksilver (11)
   (You took it off Maurice on level 8 of the Dungeon)
 M - a wand of polymorph (5)
   (You found it on level 3 of the Lair of Beasts)
Scrolls
 c - 5 scrolls of vulnerability {!r}
 p - 3 scrolls of silence
 q - 4 scrolls of immolation {!r}
 t - a scroll of teleportation {@r4}
 z - 4 scrolls of poison {!r}
 P - a scroll of fear
Potions
 d - 4 potions of curing {@q1}
 e - 3 potions of invisibility
 g - 5 potions of might
 j - 8 potions of heal wounds {@q2}
 u - 2 potions of haste {@q3}
 v - 4 potions of mutation {!q}
 A - 3 potions of lignification {!q}
 B - a potion of attraction {!q}
 E - a potion of resistance {unknown}
 J - a potion of experience {unknown}
 W - a potion of enlightenment {unknown}
Miscellaneous
 h - a phial of floods (inert)
   (You found it on level 3 of the Lair of Beasts)
 L - a sack of spiders
   (You found it in a bailey)


   Skills:
 + Level 14.3 Fighting
 + Level 19.3 Axes
 + Level 16.3 Ranged Weapons
 - Level 5.9 Throwing
 + Level 3.9 Armour
 + Level 3.5 Dodging
 + Level 2.0 Stealth
 + Level 5.6 Evocations


You had 13 spell levels left.
You didn't know any spells.
Your spell library was empty.

Dungeon Overview and Level Annotations

Branches:
Dungeon (11/15) Zot: 25587  Temple (0/1) D:4            Lair (5/5) D:8 Zot: 20413
 Shoals (0/4) Lair:2        Snake (0/4) Lair:2        Slime (0/5) Lair:5
    Orc (2/2) D:11 Zot: 6544     Elf (0/3) Orc:2        Bailey (visited)
Volcano (visited)

Altars:
Ashenzari
Cheibriados
Dithmenos
Fedhas
Gozag
Hepliaklqana
Kikubaaqudgha
Makhleb
Qazlal
Ru
Trog
Uskayaw
Vehumet
Wu Jian
Xom
The Shining One
Beogh

Shops:
D:8 !   Orc:2 ?*

Annotations:
D:5 3 runed translucent doors, andrew's ghost, novice MDFi


Innate Abilities, Weirdness & Mutations

You have a pair of horns on your head.
You reflexively headbutt those who attack you in melee.


Message History

You kill the orc high priest!
Trog accepts your kill.
The rust devil disappears in a puff of smoke!
The sixfirhy disappears in a puff of smoke!
Your Stealth skill increases to level 2!
You are no longer berserk.
You are exhausted.
You feel yourself slow down.
Things that are here:
a +0 scimitar; a +0 leather armour You feel very mighty all of a sudden.
The orc knight roars a battlecry!
The orc knights go into a battle-frenzy!
The orc knight barely misses you.
The orc knight hits you with a +0 great sword!!
You barely miss the orc knight. The orc knight barely misses you.
You slice the orc knight!!
Lightning courses through the orc knight!
Your headbutt misses the orc knight. You barely miss the orc knight.
You block the orc knight's attack.
The orc knight hits you with a +0 great sword!!
You slice the orc knight!!
You headbutt the orc knight, but do no damage.
You barely miss the orc knight.
The orc knight hits you with a +0 dire flail!!
The orc knight hits you with a +0 great sword!!!
* * * LOW HITPOINT WARNING * * *
You hear a shout!
Unknown command.
Blink to where?
Press: ? - help, Dir - move target
As you read the scroll of blinking, it crumbles to dust.
The orc sorcerer shouts!
The orc sorcerer casts a spell at you. The bolt of fire misses you.
Okay, then.
As you read the scroll of fear, it crumbles to dust.
You assume a fearsome visage.
The orc sorcerer looks frightened!
The orc knight looks frightened!
The orc knight resists with some effort.
The orc knight looks frightened!
The orc knight hits you with a +1 broad axe!!
* * * LOW HITPOINT WARNING * * *
You feel much better.
The orc knight hits you with a +1 broad axe!!
* * * LOW HITPOINT WARNING * * *
The orc knight roars a battlecry!
The orc sorcerer goes into a battle-frenzy!
The orc knight hits you with a +1 broad axe!!
You die...

#.......####....##
##..##...#.#.....#
#...#...#...#.#.## #
##....#.........##
###.........[.....##
.#.................##
...........#....#...###
....#.).....#...o...#.##
......)..#......@......##
......))..............#.##
.........................#
............o.........#.##
.........................###
...........................##
##..........................#
..................o....o....##
#.....##.....................#


You could see 3 orc knights and an orc sorcerer (strong, fleeing).

Vanquished Creatures
  Rupert (Lair:5)
  Fannar (D:10)
  A fire dragon (Lair:5)
  Harold (D:10)
  6 hydras
  A catoblepas (Lair:5)
  A boulder beetle (Lair:4)
  2 two-headed ogres (D:10)
  3 death yaks (Lair:5)
  A hell hog (Volcano)
  A vampire mage (Lair:3)
  2 orc high priests (Orc:2)
  A fire crab (Volcano)
  2 skysharks
  3 lindwurms (Lair:5)
  2 orc sorcerers (Orc:2)
  4 orc knights (Orc:2)
  2 manticores (Lair:5)
  An oklob plant (Lair:3)
  Maurice (D:8)
  27 elephants
  The ghost of Griffin23 the Trooper, a novice MiFi (D:4)
  A guardian serpent (Lair:2)
  A rust devil (Orc:2)
  10 cane toads
  4 black mambas
  4 kobold blastminers
  6 torpor snails (Lair:5)
  A gargoyle (Bailey)
  An orange demon (Orc:2)
  Maggie (D:7)
  4 kobold demonologists
  7 komodo dragons
  6 rime drakes
  Jeremiah (D:9)
  An unseen horror skeleton (D:9)
  An ice devil (Orc:2)
  A troll (Orc:1)
  3 polar bears
  Prince Ribbit (D:7)
  4 tyrant leeches (Lair:5)
  4 hornets (Lair:5)
  15 blink frogs
  2 dream sheep (Lair:5)
  2 vampires
  2 shadows
  A water elemental (D:11)
  6 wyverns
  4 basilisks
  A human (Lair:3)
  8 fire bats (Volcano)
  A steam dragon (Volcano)
  30 yaks
  A warg (D:11)
  Eustachio (D:5)
  15 water moccasins
  2 ice beasts
  2 sky beasts
  2 black bears (D:8)
  26 orc warriors
  6 ogres
  10 wolves
  5 centaurs
  A phantom (D:6)
  9 kobold brigands
  10 bullfrogs
  4 scorpions
  A gnoll sergeant (D:10)
  19 wights
  2 electric eels (D:11)
  9 vampire bats
  8 wolf zombies (Bailey)
  10 howler monkeys
  3 bombardier beetles
  26 orc priests
  2 bullfrog zombies (D:4)
  A centaur skeleton (D:9)
  A hound (D:7)
  2 jellies
  A bullfrog skeleton (D:4)
  A gnoll bouda (D:7)
  2 sleepcaps
  An iguana (D:7)
  31 orc wizards
  A howler monkey zombie (D:9)
  4 gnolls (D:10)
  18 adders
  A howler monkey skeleton (D:9)
  2 shadow imps
  A howler monkey simulacrum (D:9)
  3 ribbon worms
  2 dart slugs
  73 orcs
  13 bats
  7 endoplasms
  5 giant cockroaches
  11 goblins
  14 hobgoblins
  8 jackals (D:2)
  26 kobolds
  3 quokkas
  15 ball pythons
  2 frilled lizards
  24 orc zombies (Bailey)
  6 rats
652 creatures vanquished.

Vanquished Creatures (collateral kills)
  A warg (Orc:1)
  An orc (Orc:2)
2 creatures vanquished.

Vanquished Creatures (others)
  An orc knight (Orc:2)
  4 orcs (Orc:2)
5 creatures vanquished.

Grand Total: 659 creatures vanquished

Notes
Turn   | Place    | Note
-------+----------+-------------------------------------------
     0 | D:1      | Pooter the Minotaur Berserker began the quest for the Orb.
     0 | D:1      | Reached XP level 1. HP: 19/19 MP: 0/0
   173 | D:1      | Reached XP level 2. HP: 27/27 MP: 1/1
   176 | D:1      | Reached skill level 4 in Axes
   176 | D:1      | Reached skill level 1 in Throwing
   747 | D:1      | Reached XP level 3. HP: 32/33 MP: 2/2
   933 | D:2      | Reached ** piety under Trog
   986 | D:2      | Reached XP level 4. HP: 28/40 MP: 3/3
  1593 | D:2      | Found a faded altar of an unknown god.
  1836 | D:2      | Reached skill level 5 in Axes
  2316 | D:3      | Reached *** piety under Trog
  2325 | D:3      | Noticed an ice beast
  2337 | D:3      | Killed an ice beast
  2338 | D:3      | Reached XP level 5. HP: 47/47 MP: 4/4
  2683 | D:4      | Reached XP level 6. HP: 55/55 MP: 5/5
  2686 | D:4      | Found a snail-covered altar of Cheibriados.
  2721 | D:4      | Reached skill level 5 in Fighting
  2721 | D:4      | Reached skill level 6 in Axes
  3074 | D:4      | Found a hide-covered altar of Uskayaw.
  3107 | D:4      | Found a transporter.
  3113 | D:4      | Found a shimmering altar of Xom.
  3115 | D:4      | Found a shimmering altar of Xom.
  3116 | D:4      | Found a shimmering altar of Xom.
  3117 | D:4      | Found a shimmering altar of Xom.
  3122 | D:4      | Found a shimmering altar of Xom.
  3122 | D:4      | Found a shimmering altar of Xom.
  3124 | D:4      | Found a shimmering altar of Xom.
  3129 | D:4      | Reached XP level 7. HP: 61/61 MP: 6/6
  3266 | D:4      | Found a transporter.
  3269 | D:4      | Found a staircase to the Ecumenical Temple.
  3271 | D:4      | Noticed Griffin23's ghost (novice MiFi)
  3343 | D:4      | Reached skill level 7 in Axes
  3516 | D:4      | Found a bloodstained altar of Trog.
  3518 | D:4      | Found a blossoming altar of Fedhas.
  3519 | D:4      | Found a glowing golden altar of the Shining One.
  3623 | D:4      | Reached skill level 5 in Throwing
  3632 | D:4      | Killed Griffin23's ghost
  3633 | D:4      | Reached skill level 8 in Axes
  3633 | D:4      | Reached XP level 8. HP: 70/70 MP: 7/7
  3724 | D:5      | Entered Level 5 of the Dungeon
  3724 | D:5      | Found a runed translucent gate.
  3725 | D:5      | Found a runed translucent gate.
  3726 | D:5      | Found a runed translucent gate.
  3726 | D:5      | Noticed andrew's ghost (novice MDFi)
  3899 | D:5      | Reached skill level 1 in Ranged Weapons
  3991 | D:5      | Found a sacrificial altar of Ru.
  4262 | D:5      | Found a hazy altar of Hepliaklqana.
  4366 | D:5      | Noticed Eustachio
  4391 | D:5      | Killed Eustachio
  4392 | D:5      | Reached skill level 9 in Axes
  4990 | D:6      | Reached XP level 9. HP: 79/79 MP: 8/8
  5534 | D:6      | Reached skill level 10 in Axes
  5541 | D:6      | Reached skill level 5 in Ranged Weapons
  6024 | D:7      | Noticed Prince Ribbit
  6030 | D:7      | Killed Prince Ribbit
  6081 | D:7      | Reached skill level 11 in Axes
  6092 | D:7      | Found an ornate altar of the Wu Jian Council.
  6256 | D:7      | Noticed Maggie
  6269 | D:7      | Killed Maggie
  6536 | D:7      | Reached XP level 10. HP: 87/90 MP: 9/9
  7143 | D:8      | Found an ancient bone altar of Kikubaaqudgha.
  7299 | D:8      | Found a radiant altar of Vehumet.
  7310 | D:8      | Noticed Maurice
  7310 | D:8      | Noticed an eight-headed hydra
  7319 | D:8      | Killed an eight-headed hydra
  7329 | D:8      | Something stole a ring of fire
  7330 | D:8      | Something stole a +1 vampiric war axe
  7332 | D:8      | Something stole 21 poisoned darts
  7334 | D:8      | Something stole 460 gold
  7342 | D:8      | Killed Maurice
  7343 | D:8      | Reached skill level 12 in Axes
  7505 | D:8      | Noticed an elephant
  7511 | D:8      | Killed an elephant
  7663 | D:8      | Found a staircase to the Lair.
  7837 | D:8      | Found Neuteur's Distillery.
  7845 | D:8      | Bought a potion of heal wounds for 70 gold pieces
  7845 | D:8      | Bought a potion of might for 56 gold pieces
  7845 | D:8      | Bought a potion of curing for 42 gold pieces
  7845 | D:8      | Bought a potion of mutation for 112 gold pieces
  7900 | D:8      | Found a burning altar of Makhleb.
  8250 | D:8      | Found a shadowy altar of Dithmenos.
  8616 | D:9      | Found a flagged portal.
  8620 | D:9      | Noticed Jeremiah
  8626 | D:9      | Killed Jeremiah
  8631 | Bailey   | Entered a bailey
  8691 | Bailey   | Reached skill level 13 in Axes
  8692 | Bailey   | Reached **** piety under Trog
  8775 | Bailey   | Identified the +0 chain mail of Time Monsters {Str+3}
  8776 | Bailey   | Identified the +1 scale mail "Leanug" {Stlth+}
  8858 | Bailey   | Found the +8 demon trident "Rift" {distort, reach+}
  8882 | Bailey   | Noticed a gargoyle
  8887 | Bailey   | Killed a gargoyle
  8888 | Bailey   | Reached XP level 11. HP: 99/99 MP: 10/10
  9173 | D:9      | Reached skill level 10 in Fighting
  9359 | D:9      | Reached skill level 10 in Ranged Weapons
  9839 | D:10     | Entered Level 10 of the Dungeon
  9839 | D:10     | Noticed Harold
  9851 | D:10     | Killed Harold
  9953 | D:10     | Reached skill level 14 in Axes
 10217 | D:10     | Found an opulent altar of Gozag.
 10379 | D:10     | Noticed a two-headed ogre
 10389 | D:10     | Killed a two-headed ogre
 10452 | D:10     | Found a broken altar of Ashenzari.
 10596 | D:10     | Noticed Fannar
 10610 | D:10     | Killed Fannar
 11015 | D:10     | Found a stormy altar of Qazlal.
 11108 | D:10     | Noticed a two-headed ogre
 11113 | D:10     | Killed a two-headed ogre
 11330 | Lair:1   | Entered Level 1 of the Lair of Beasts
 11358 | Lair:1   | Reached skill level 15 in Axes
 11493 | Lair:1   | Reached XP level 12. HP: 110/110 MP: 9/11
 11547 | Lair:1   | Found a dark tunnel.
 11602 | Volcano  | Entered a volcano
 11643 | Volcano  | Noticed a hell hog
 11656 | Volcano  | Killed a hell hog
 12186 | Lair:1   | Reached skill level 16 in Axes
 14092 | Lair:2   | Found a staircase to the Shoals.
 14209 | Lair:2   | Noticed a five-headed hydra
 14217 | Lair:2   | Killed a five-headed hydra
 14280 | Lair:2   | Found a staircase to the Snake Pit.
 15212 | Lair:3   | Reached XP level 13. HP: 119/119 MP: 12/12
 15219 | Lair:3   | Reached skill level 1 in Evocations
 15347 | Lair:3   | Reached skill level 17 in Axes
 15837 | Lair:3   | Found a runed translucent door.
 16542 | Lair:4   | Identified the +1 chain mail "Qaam" {Str+3}
 17790 | Lair:5   | Entered Level 5 of the Lair of Beasts
 18336 | Lair:5   | Reached skill level 15 in Ranged Weapons
 18339 | Lair:5   | Reached skill level 18 in Axes
 18528 | Lair:5   | Found a staircase to the Slime Pits.
 18803 | Lair:5   | Reached XP level 14. HP: 118/129 MP: 13/13
 19010 | Lair:5   | Reached ***** piety under Trog
 19326 | Lair:5   | Noticed Rupert
 19338 | Lair:5   | Killed Rupert
 20654 | Lair:5   | Reached skill level 19 in Axes
 20681 | Lair:5   | Reached skill level 5 in Evocations
 21711 | D:11     | Found a staircase to the Orcish Mines.
 22232 | D:11     | Identified the +6 great sword of Deformation {heavy, rPois
                  | Dex+3}
 22544 | Orc:1    | Entered Level 1 of the Orcish Mines
 22827 | Orc:2    | Entered Level 2 of the Orcish Mines
 23422 | Orc:1    | Found a roughly hewn altar of Beogh.
 24998 | Orc:2    | Reached skill level 1 in Stealth
 25837 | Orc:2    | Found Diasif's General Store.
 25874 | Orc:2    | Found Iczuil's Magic Scroll Shop.
 25917 | Orc:2    | Bought a potion of heal wounds for 80 gold pieces
 25917 | Orc:2    | Bought a potion of curing for 48 gold pieces
 25917 | Orc:2    | Bought a wand of warping (5) for 192 gold pieces
 25919 | Orc:2    | Bought a scroll of identify for 28 gold pieces
 25919 | Orc:2    | Bought a scroll of identify for 28 gold pieces
 26173 | Orc:2    | Found a staircase to the Elven Halls.
 27524 | Orc:2    | Noticed an orc warlord
 27995 | Orc:2    | Mangled by an orc knight

Illustrated notes

Levels and vault maps discovered:
D:1:      lightli_arrival_isolated_outpost, layout_basic
D:2:      layout_basic, shapermc_ecumenical_altar_gd, grunt_decor_clamped,
          minmay_misc_feat_ornament
D:3:      layout_loops_cross
D:4:      layout_cave_pools, eat_drink_and_be_merry_uskayaw,
          nicolae_xom_altar_mimics, minitemple,
          minmay_temple_entry_antechambers, gammafunk_ghost_mausoleum,
          serial_park, serial_park_square1 [serial_park_minivault_5x5_6],
          serial_park_tiny_1, serial_park_square1 [serial_park_minivault_5x5_6],
          minmay_pentangle
D:5:      layout_rooms, nicolae_ru_great_annihilating_truth,
          lemuel_doored_altar, gammafunk_ghost_split, uniq_eustachio
D:6:      layout_loops_ring
D:7:      layout_basic, mainiacjoe_overflow_six_doors_small, st_stairs_3,
          uniq_maggie, uniq_prince_ribbit1
D:8:      layout_basic, overflow_temple_1_default, lightli_temple_of_fire,
          fiery_altar_vehumet, nicolae_overflow_crystal_walls,
          david_lair_generic, serial_shops, shop, uniq_maurice
D:9:      layout_long_grid, enter_bailey_5, hangedman_weighted_door,
          columned_hall_lemuel, minivault_11, uniq_jeremiah
D:10:     layout_stronghold, grunt_gozag_statues,
          mainiacjoe_overflow_tiny_flanked, nicolae_ashenzari_panopticon,
          nicolae_sextant, uniq_harold, uniq_fannar
D:11:     layout_basic, david_orc_3, special_room [special_room_bee]
Lair:1:   layout_small_grid, nicolae_volcano_entry_two_sided
Lair:2:   minmay_lair_venomous_thicket, layout_big_grid,
          minmay_shoals_entry_centaurs, minmay_snake_entry_spellcaster
Lair:3:   layout_chaotic_city, pdpol_lair_cabin_in_the_woods
Lair:4:   layout_cellular_growth, minivault_25, grunt_megastairs_5
Lair:5:   hangedman_lair_in_review, layout_misc_corridors, wormcave,
          slime_entry_1, roderic_batcave, uniq_rupert
Orc:1:    layout_caves, basic_altar
Orc:2:    pf_orc_diabolical, layout_caves, nicolae_orc_rockfall,
          lightli_church_of_beogh

Skill      XL: |  1  2  3  4  5  6  7  8  9 10 11 12 13 14 |
---------------+-------------------------------------------+-----
Axes           | 4 5 6 8 9 11 13 15 16 18 19 | 19.3
Throwing       | 1 2 3 4 5 |  5.9
Fighting       | 4 5 6 7 8 9 11 12 13 14 | 14.3
Ranged Weapons | 4 7 9 11 13 15 16 | 16.3
Evocations     | 4 5 |  5.6
Stealth        | 2 |  2.0
Armour         | 3 |  3.9
Dodging        | 3 |  3.5

Action                     |  1- 3 |  4- 6 |  7- 9 | 10-12 | 13-15 || total
---------------------------+-------+-------+-------+-------+-------++-------
  Melee: Hand axe          |    76 |   121 |   120 |       |       ||   317
         Headbutt          |    10 |    15 |    44 |    89 |    81 ||   239
         Battleaxe         |       |       |   112 |   391 |   330 ||   833
         Dire flail        |       |       |       |    13 |       ||    13
         Great mace        |       |       |       |     4 |       ||     4
         War axe           |       |       |       |       |    20 ||    20
   Fire: Sling             |       |       |    19 |    46 |       ||    65
         Arbalest          |       |       |       |    99 |   331 ||   430
  Throw: Stone             |     3 |       |     8 |       |       ||    11
         Dart              |       |       |       |     3 |    25 ||    28
 Invoke: Berserk           |       |     6 |    16 |    14 |    13 ||    49
         Trog's Hand       |       |     1 |    12 |    18 |    21 ||    52
  Evoke: Wand              |       |       |     5 |     6 |    17 ||    28
         Phial of floods   |       |       |       |       |     2 ||     2
    Use: Scroll            |     1 |     3 |     6 |    10 |    14 ||    34
         Potion            |       |       |       |     4 |     5 ||     9
   Stab: Paralysed         |       |       |     1 |       |       ||     1
 Armour: Animal skin       |    41 |    20 |       |       |       ||    61
         Scale mail        |       |    26 |       |       |       ||    26
         Chain mail        |       |    25 |   160 |   281 |   105 ||   571
         Ring mail         |       |       |       |   123 |   220 ||   343
  Dodge: Dodged            |    47 |    45 |    89 |   171 |   159 ||   511
  Block: Other             |       |       |       |       |    71 ||    71
         Reflection        |       |       |       |       |     6 ||     6

Table legend: (Time is in decaauts)
 A = Elapsed time spent in this place.
 B = Non-inter-level travel time spent in this place.
 C = Inter-level travel time spent in this place.
 D = Time resting spent in this place.
 E = Time spent auto-exploring this place.
 F = Levels seen in this place.
 G = Mean time per level.
                   A        B        C        D        E       F      G
               +--------+--------+--------+--------+--------+-----+--------+
         Total |  28414 |  27592 |    822 |  11550 |  11380 |  20 | 1420.7 |
       Dungeon |  12651 |  12126 |    525 |   3868 |   6229 |  11 | 1150.1 |
          Lair |   9587 |   9315 |    272 |   3701 |   4203 |   5 | 1917.4 |
  Orcish Mines |   5454 |   5429 |     25 |   3801 |    759 |   2 | 2727.0 |
        Bailey |    503 |    503 |      0 |    150 |     91 |   1 |  503.0 |
       Volcano |    218 |    218 |      0 |     29 |     98 |   1 |  218.0 |
               +--------+--------+--------+--------+--------+-----+--------+

Top non-repeatable levels by time:
   Orc:2: 4018 daAuts
  Lair:5: 3055 daAuts
  Lair:2: 2190 daAuts
  Lair:4: 1693 daAuts
     D:8: 1613 daAuts
    D:10: 1504 daAuts
   Orc:1: 1436 daAuts
    D:11: 1412 daAuts
  Lair:3: 1377 daAuts
     D:7: 1297 daAuts
  Lair:1: 1269 daAuts
     D:6: 1162 daAuts
     D:4: 1113 daAuts
     D:2: 1051 daAuts
     D:1: 940 daAuts
